 Dungeon Sprint DCSS version 0.16-a0-3606-g1520cdc (webtiles) character file.

6 BluebellGnoll the Protected (level 2, 19/19 HPs)
             Began as a Formicid Earth Elementalist on Jan 13, 2015.
             Quit the game in the Dungeon (Sprint V: "Ziggurat Sprint").
             The game lasted 00:03:49 (67 turns).

BluebellGnoll the Protected (FoEE)                    Turns: 67, Time: 00:03:50

Health: 19/19      AC: 21    Str: 24    XL:     2   Next: 0%
Magic:  5/5        EV: -2    Int: 14    God:
Gold:   0          SH: 25    Dex: 11    Spells: 1 memorised, 4 levels left

rFire  + . .     SeeInvis +     (no weapon)
rCold  + . .     Clarity  .     K - +5 gold dragon armour
rNeg   + . .     SustAb   .     F - +18 shield of the gong {rElec rN+ MR+ EV-5}
rPois  +         Gourm    .     (helmet unavailable)
rElec  +         Spirit   .     (no cloak)
rCorr  .         Warding  .     (no gloves)
rMut   .         Stasis   +     (no boots)
MR     +....                    (no amulet)
Stlth  ..........               q - +6 ring of strength
                                p - +6 ring of strength

@: somewhat resistant to hostile enchantments, extremely unstealthy
A: permanent stasis, dig shafts and tunnels, four strong arms, antennae 3
a: Dig


You were in the Dungeon.
You were not hungry.

You visited 1 branch

Inventory:

Missiles
 b - 20 stones (quivered)
Armour
 c - a +0 robe
 F - the +18 shield of the gong (worn) {rElec rN+ MR+ EV-5}
   (You found it in the Dungeon)

   It affects your evasion (-5).
   It insulates you from electricity.
   It protects you from negative energy.
   It affects your resistance to hostile enchantments.
 I - a +5 crystal plate armour
 J - a +5 fire dragon armour
 K - a +5 gold dragon armour (worn)
Jewellery
 l - a +6 ring of dexterity
 m - a +6 ring of dexterity
 n - a +6 ring of intelligence
 o - a +6 ring of intelligence
 p - a +6 ring of strength (left hand)
 q - a +6 ring of strength (right hand)
Magical devices
 g - a wand of disintegration (7)
 i - a wand of fire (5)
 j - a wand of cold (5)
 k - a wand of draining (5)
Scrolls
 u - 4 scrolls of amnesia
 v - 3 scrolls of recharging
 w - 7 scrolls of fog
 x - a scroll of holy word
 y - 5 scrolls of identify
 z - 5 scrolls of remove curse
 A - 2 scrolls of fear
Potions
 e - 10 potions of curing
 f - 10 potions of heal wounds
 h - 7 potions of magic
 B - 2 potions of brilliance
 C - 2 potions of invisibility
 D - 2 potions of restore abilities
 E - 4 potions of resistance
 G - 5 potions of agility
 H - 5 potions of might
Books
 d - a book of Geomancy

   Spells                             Type                      Level
   a - Sandblast                      Earth                        1
   b - Stoneskin                      Transmutation/Earth          2
   c - Passwall                       Transmutation/Earth          3
   d - Stone Arrow                    Conjuration/Earth            3
   e - Petrify                        Transmutation/Earth          4
   f - Lee's Rapid Deconstruction     Earth                        5
 r - a tome of Destruction
Comestibles
 a - 5 bread rations
 s - 42 fruits
 t - 4 meat rations


   Skills:
 - Level 8.0 Armour
 - Level 1.7 Dodging
 - Level 2.4 Stealth
 - Level 2.1 Spellcasting
   Level 1.1 Transmutations
 - Level 3.6 Earth Magic


You had 4 spell levels left.
You knew the following spells:

 Your Spells              Type           Power        Failure   Level  Hunger
a - Sandblast             Erth           ##....       100%        1    #......


Dungeon Overview and Level Annotations

Branches:
Dungeon (1/1)

Altars:
Ashenzari
Cheibriados
Dithmenos
Elyvilon
Fedhas
Gozag
Kikubaaqudgha
Makhleb
Nemelex Xobeh
Okawaru
Qazlal
Ru
Sif Muna
Trog
Vehumet
Xom
Yredelemnul
Zin
The Shining One
Beogh
Jiyva
Lugonu


Innate Abilities, Weirdness & Mutations

You are under a permanent stasis effect.
You can dig through walls and to a lower floor.
Your four strong arms can wield two-handed weapons with a shield.
You have a pair of large antennae on your head (SInv).


Message History

You drop a +5 demon trident.
You drop a +5 lajatang.
You drop a +5 demon blade.
Things that are here:
a +5 quick blade; a +5 rapier; a +5 dagger
Items here: )))) [[
F - the +18 shield of the gong {rElec rN+ MR+ EV-5} Wear which item? (? for menu, Esc to quit)
You start putting on your armour.
You continue putting on the +18 shield of the gong {rElec rN+ MR+ EV-5}. x4
You finish putting on the +18 shield of the gong {rElec rN+ MR+ EV-5}.
Items here: ))))))))))
Okay, then.
Are you sure you want to abandon this character and quit the game? (Confirm with "yes".)
Okay, then.
Unknown command.
Unknown command.
Unknown command.
Unknown command.
Are you sure you want to abandon this character and quit the game? (Confirm with "yes".)

▓▓▓▓▓▓▓▓▓▓▓▓▓▓▓▓▓
▓_8_8_88©88_8_8_▓
▓8.........)@..8▓
▓_..))........._▓
▓8...).........8▓
▓_..().....:..._▓
▓8...).....=...8▓
▓_......?..|..._▓
▓8...[..!......8▓
▓_...[.<......._▓
▓8.............8▓


There were no monsters in sight!

Vanquished Creatures (others)
  Pikel (D)
  Duvessa (D)
  Crazy Yiuf (D)
3 creatures vanquished.

Notes
Turn   | Place    | Note
--------------------------------------------------------------
     0 | D        | BluebellGnoll, the Formicid Earth Elementalist, began the quest for the Orb.
     0 | D        | Reached XP level 1. HP: 13/13 MP: 3/3
     0 | D        | Found a viscous altar of Jiyva.
     0 | D        | Found a corrupted altar of Lugonu.
     0 | D        | Found a white marble altar of Elyvilon.
     2 | D        | Found a sparkling altar of Nemelex Xobeh.
     2 | D        | Found a burning altar of Makhleb.
     3 | D        | Found a deep blue altar of Sif Muna.
     3 | D        | Found a bloodstained altar of Trog.
     3 | D        | Killed Crazy Yiuf
     6 | D        | Found an iron altar of Okawaru.
    12 | D        | Found a radiant altar of Vehumet.
    14 | D        | Found a basalt altar of Yredelemnul.
    22 | D        | Killed Pikel
    34 | D        | Reached skill level 8 in Armour
    34 | D        | Reached XP level 2. HP: 19/19 MP: 5/5
    35 | D        | Found a shimmering altar of Xom.
    60 | D        | Killed Duvessa
    67 | D        | Quit the game

Action                   || total
-------------------------++-------
  Use: Potion            ||     1
